 Dungeon Crawl Stone Soup version 0.32-a0-666-ge8a88695a4 (webtiles) character file.

Game seed: 10547490276239883147

1673 pokeman the Thaumaturge (level 8, -1/44 HPs)
             Began as a Deep Elf Hedge Wizard on Mar 9, 2024.
             Was a Follower of Vehumet.
             Slain by an ice beast (13 damage)
             ... on level 6 of the Dungeon.
             The game lasted 00:11:55 (5940 turns).

pokeman the Thaumaturge (Deep Elf Hedge Wizard)     Turns: 5940, Time: 00:11:56

Health: -1/44      AC:  6    Str:  7    XL:     8   Next: 70%
Magic:  19/33      EV: 13    Int: 22    God:    Vehumet [*.....]
Gold:   256        SH:  0    Dex: 16    Spells: 19/27 levels left

rFire   + + .        y - +8 dagger "Killer Klown's Peril" {elec, rF++ Dex+2}
rCold   . . .        (no shield)
rNeg    . . .        b - +0 robe
rPois   .            n - +2 helmet
rElec   .            (no cloak)
rCorr   +            (no gloves)
SInv    .            h - +0 pair of boots
Will    .....        (no amulet)
Stlth   +++          f - ring of resist corrosion
HPRegen 0.27/turn    i - ring of magical power
MPRegen 0.23/turn

%: no passive effects
@: no status effects
A: deterioration 1
a: Renounce Religion


You were on level 6 of the Dungeon.
You worshipped Vehumet.
Vehumet was aware of your devotion.
You visited 1 branch of the dungeon, and saw 6 of its levels.

You collected 256 gold pieces.

Inventory:

Hand Weapons
 x - the +4 spear of Joyful Slaughter {elec, ^Contam rPois Str+2 Dex+6}
   (You found it on level 5 of the Dungeon)

   Str+2:     It affects your strength (+2).
   Dex+6:     It affects your dexterity (+6).
   rPois:     It protects you from poison.
   ^Contam:   It causes magical contamination when unequipped.
 y - the +8 dagger "Killer Klown's Peril" (weapon) {elec, rF++ Dex+2}
   (You found it on level 5 of the Dungeon)

   Dex+2:     It affects your dexterity (+2).
   rF++:      It greatly protects you from fire.
Armour
 b - a +0 robe (worn)
 h - a +0 pair of boots (worn)
 n - a +2 helmet (worn)
Magical Staves
 j - a staff of alchemy
 s - a staff of fire
Jewellery
 a - a ring of flight
 f - a ring of resist corrosion (left hand)
 i - a ring of magical power (right hand)
 t - a ring of protection from cold
Wands
 q - a wand of digging (6)
Scrolls
 c - 2 scrolls of enchant weapon {unknown}
 e - 7 scrolls of identify {unknown}
 g - 4 scrolls of poison {unknown}
 l - 3 scrolls of teleportation {unknown}
 o - 2 scrolls of enchant armour {unknown}
 w - a scroll of acquirement {unknown}
Potions
 d - a potion of magic
 k - 4 potions of curing {unknown}
 m - a potion of lignification {unknown}
 p - 2 potions of berserk rage {unknown}
 r - 3 potions of haste {unknown}
 u - 2 potions of attraction {unknown}
 v - a potion of enlightenment {unknown}
 z - a potion of cancellation {unknown}
 A - a potion of ambrosia {unknown}


   Skills:
 - Level 2.2 Fighting
 + Level 1.9 Armour
 - Level 4.0 Dodging
 - Level 4.0 Stealth
 * Level 10.1 Spellcasting
 + Level 5.4 Conjurations
 - Level 1.1 Summonings
 - Level 1.1 Translocations
 + Level 3.8 Fire Magic
 - Level 1.1 Air Magic
 - Level 1.0 Alchemy
 - Level 1.2 Evocations


You had 19 spell levels left.
You knew the following spells:

 Your Spells              Type           Power      Damage    Failure   Level
a - Magic Dart            Conj           100%       1d8       1%          1
b - Mephitic Cloud        Conj/Alch/Air  22%        N/A       6%          3
c - Call Imp              Summ           32%        N/A       6%          2
d - Blink                 Tloc           32%        N/A       6%          2

Your spell library contained the following spells:

 Spells                   Type           Power      Damage    Failure   Level
 Shock                    Conj/Air       100%       1d9       1%          1
 Slow                     Hex            44%        N/A       6%          1
 Dazzling Flash           Conj/Hex       46%        N/A       6%          3
 Volatile Blastmotes      Fire/Tloc      44%        2d13      6%          3
 Cigotuvi's Dreadful Rot  Necr/Alch/Air  28%        N/A       7%          2
 Silence                  Hex/Air        6%         N/A       78%         5
 Starburst                Conj/Fire      15%        6d6       80%         6
 Curse of Agony           Necr           11%        N/A       86%         5
 Maxwell's Capacitive Co  Air            8%         ∞         100%        8


Dungeon Overview and Level Annotations

Branches:
Dungeon (6/15)
 Temple: D:4-7

Altars:
Dithmenos
Hepliaklqana
Okawaru
Qazlal
Uskayaw
Vehumet
Xom

Shops:
D:3 (   D:5 [


Innate Abilities, Weirdness & Mutations

Your body sometimes deteriorates upon taking damage.


Message History

A bombardier beetle comes into view.
The ice beast hits you but does no damage.
Your cerulean imp hits the ice beast but does no damage.
Unknown command.
The ice beast attacks as it pursues you!
The ice beast closely misses you.
Your cerulean imp hits the ice beast but does no damage.
The kobold closely misses your cerulean imp.
The ice beast attacks as it pursues you!
The ice beast hits you. The ice beast freezes you!
Your cerulean imp hits the ice beast but does no damage.
You hit the ice beast.
The ice beast is moderately wounded.
The ice beast hits you but does no damage.
Your cerulean imp barely misses the ice beast.
Unknown command.
The ice beast attacks as it pursues you!
The ice beast barely misses you.
Your cerulean imp hits the ice beast but does no damage.
You completely miss the ice beast.
The ice beast is moderately wounded.
The ice beast barely misses you.
Your cerulean imp hits the ice beast but does no damage.
Unknown command.
You closely miss the ice beast.
The ice beast is moderately wounded.
The ice beast misses you.
Your cerulean imp closely misses the ice beast.
Unknown command.
You hit the ice beast.
The ice beast is moderately wounded.
The ice beast hits you but does no damage.
Your cerulean imp hits the ice beast from afar with a -3 spear.
Unknown command.
You hit the ice beast.
The ice beast is severely wounded.
The ice beast hits you.
* * * LOW HITPOINT WARNING * * *
The ice beast freezes you!
You die...

#.#.# ### ####
#.#.### ##... .....
..#.... ...#
#.##.##.#...#...
#.#.....#.#.#.#
#.#.....#.#...#
#.###......<.# #
#...).#.#.....#
..#..#.#.#@#.#######
#....)...Y.#..
######.5.######
#...+ #B..# .....#
#...### #.#. #.#.


You could see an ice beast (ally target), a bombardier beetle and a friendly
cerulean imp (summoned).

Vanquished Creatures
  3 yaks (D:5)
  Pargi (D:3)
  An ice beast (D:5)
  A centaur (D:6)
  A kobold brigand (D:6)
  2 scorpions
  3 bombardier beetles
  A hound (D:4)
  A sleepcap (D:6)
  2 iguanas (D:5)
  An orc wizard (D:5)
  6 gnolls
  6 adders
  2 white imps (D:5)
  2 ufetubi (D:6)
  4 dart slugs
  15 orcs
  6 endoplasms
  2 giant cockroaches (D:4)
  5 goblins
  3 hobgoblins
  3 jackals (D:2)
  5 quokkas
  8 ball pythons
  5 bats
  3 frilled lizards
  6 kobolds
  3 rats
101 creatures vanquished.

Vanquished Creatures (collateral kills)
  2 yaks (D:5)
  2 gnolls (D:3)
  A ribbon worm (D:2)
5 creatures vanquished.

Grand Total: 106 creatures vanquished

Notes
Turn   | Place    | Note
-------+----------+-------------------------------------------
     0 | D:1      | pokeman the Deep Elf Hedge Wizard began the quest for the
                  | Orb.
     0 | D:1      | Reached XP level 1. HP: 10/10 MP: 7/7
   300 | D:1      | Reached XP level 2. HP: 15/15 MP: 5/9
   809 | D:1      | Reached skill level 5 in Spellcasting
  1131 | D:1      | Reached XP level 3. HP: 14/20 MP: 11/11
  1135 | D:1      | Learned a level 3 spell: Mephitic Cloud
  1138 | D:1      | Learned a level 2 spell: Call Imp
  1141 | D:1      | Learned a level 2 spell: Blink
  1299 | D:2      | Reached skill level 1 in Armour
  1403 | D:2      | Reached skill level 1 in Fighting
  2115 | D:3      | Reached XP level 4. HP: 19/25 MP: 13/13
  2165 | D:3      | Found a radiant altar of Vehumet.
  2171 | D:3      | Became a worshipper of Vehumet
  2434 | D:3      | Found a hazy altar of Hepliaklqana.
  2435 | D:3      | Found a shadowy altar of Dithmenos.
  2435 | D:3      | Noticed a shadow
  2580 | D:3      | Found Emurisav's Weapon Boutique.
  2586 | D:3      | Noticed Pargi
  2597 | D:3      | Killed Pargi
  2598 | D:3      | Reached skill level 6 in Spellcasting
  2598 | D:3      | Reached XP level 5. HP: 21/29 MP: 16/16
  3053 | D:4      | Reached XP level 6. HP: 13/34 MP: 15/17
  3765 | D:4      | Reached skill level 7 in Spellcasting
  4086 | D:5      | Entered Level 5 of the Dungeon
  4229 | D:5      | Found an iron altar of Okawaru.
  4233 | D:5      | Reached * piety under Vehumet
  4233 | D:5      | Offered knowledge of Shock by Vehumet.
  4248 | D:5      | Identified the +4 spear of Joyful Slaughter {elec, ^Contam
                  | rPois Str+2 Dex+6}
  4500 | D:5      | Noticed a yak
  4504 | D:5      | Noticed a yak
  4504 | D:5      | Noticed a yak
  4505 | D:5      | Noticed a yak
  4506 | D:5      | Noticed a yak
  4511 | D:5      | Killed a yak
  4512 | D:5      | Reached skill level 1 in Fire Magic
  4512 | D:5      | Reached skill level 1 in Air Magic
  4512 | D:5      | Reached skill level 1 in Alchemy
  4512 | D:5      | Reached skill level 1 in Evocations
  4512 | D:5      | Reached XP level 7. HP: 15/38 MP: 20/20
  4519 | D:5      | Killed a yak
  4520 | D:5      | Reached skill level 8 in Spellcasting
  4524 | D:5      | Killed a yak
  4530 | D:5      | Killed a yak
  4531 | D:5      | Reached XP level 8. HP: 4/44 MP: 22/22
  4545 | D:5      | Reached skill level 9 in Spellcasting
  4839 | D:5      | Found a hide-covered altar of Uskayaw.
  4857 | D:5      | Identified the +8 dagger "Killer Klown's Peril" {elec, rF++
                  | Dex+2}
  4866 | D:5      | Gained mutation: Your body sometimes deteriorates upon
                  | taking damage. [mutagenic glow]
  4947 | D:5      | Found a stormy altar of Qazlal.
  5220 | D:5      | Found a shimmering altar of Xom.
  5315 | D:5      | Reached skill level 5 in Conjurations
  5391 | D:5      | Found Ceofeo's Armour Boutique.
  5925 | D:6      | Reached skill level 10 in Spellcasting
  5940 | D:6      | Slain by an ice beast

Illustrated notes

Levels and vault maps discovered:
D:1:      lightli_arrival_chessboard, layout_loops_ring, st_stairs_12
D:2:      layout_loops_ring
D:3:      layout_loops_ring, riverfiend_overflow_shadow_ancestor,
          nicolae_overflow_crystal_walls, serial_shops,
          nicolae_shop_window_shopping, uniq_pargi
D:4:      layout_rooms, serial_co_window_serial, co_window_corner_a,
          co_window_corner_a, co_window_paths_b, co_window_paths_b,
          co_window_paths_b, co_window_broadway_b, co_window_broadway_a,
          co_window_broadway_a, co_window_4corner_b, co_window_sun,
          glass_columns_c
D:5:      layout_layer_cave, mainiacjoe_overflow_24_doors,
          eat_drink_and_be_merry_uskayaw, okawaru_ov_weapons_minmay,
          lemuel_crystal_altar, serial_shops, nicolae_shop_real_fake_doors
D:6:      layout_basic, portal_sewer_entry_e

Skill      XL: |  1  2  3  4  5  6  7  8 |
---------------+-------------------------+-----
Spellcasting   | 5 6 7 8 10 | 10.1
Armour         | 1 |  1.9
Fighting       | 1 2 |  2.2
Conjurations   | 2 3 4 5 |  5.4
Dodging        | 3 4 |  4.0
Stealth        | 3 4 |  4.0
Fire Magic     | 1 2 3 |  3.8
Air Magic      | 1 |  1.1
Alchemy        | 1 |  1.0
Evocations     | 1 |  1.2
Summonings     | |  1.1
Translocations | |  1.1

Action                     |  1- 3 |  4- 6 |  7- 9 || total
---------------------------+-------+-------+-------++-------
  Melee: Dagger            |     6 |    42 |    29 ||    77
         Spear             |       |     5 |    15 ||    20
   Cast: Magic Dart        |   106 |   116 |    58 ||   280
         Mephitic Cloud    |     1 |     8 |     6 ||    15
         Call Imp          |     1 |     2 |     4 ||     7
         Blink             |       |     1 |     1 ||     2
   Stab: Confused          |     1 |     7 |     8 ||    16
 Armour: Robe              |    13 |    30 |    36 ||    79
  Dodge: Dodged            |    10 |    40 |    19 ||    69

Table legend: (Time is in decaauts)
 A = Elapsed time spent in this place.
 B = Non-inter-level travel time spent in this place.
 C = Inter-level travel time spent in this place.
 D = Time resting spent in this place.
 E = Time spent auto-exploring this place.
 F = Levels seen in this place.
 G = Mean time per level.
                   A        B        C        D        E       F      G
               +--------+--------+--------+--------+--------+-----+--------+
         Total |   5938 |   5790 |    148 |      2 |   5039 |   6 |  989.7 |
       Dungeon |   5938 |   5790 |    148 |      2 |   5039 |   6 |  989.7 |
               +--------+--------+--------+--------+--------+-----+--------+

Top non-repeatable levels by time:
     D:5: 1759 daAuts
     D:1: 1270 daAuts
     D:4: 1044 daAuts
     D:3: 962 daAuts
     D:2: 806 daAuts
     D:6: 95 daAuts
